 Dungeon Crawl Stone Soup version 0.29.0-4-gdea44cf6ec (webtiles) character file.

Game seed: 14390662784355217431

42 qw the Chopper (level 3, -1/21 HPs)
             Began as a Tengu Warper on Aug 28, 2022.
             Slain by Natasha (8 damage)
             ... on level 2 of the Dungeon.
             The game lasted 00:00:08 (1637 turns).

qw the Chopper (Tengu Warper)                       Turns: 1637, Time: 00:00:09

Health: -1/21      AC:  4    Str: 13    XL:     3   Next: 54%
Magic:  7/7        EV: 12    Int: 13    God:
Gold:   53         SH:  0    Dex: 13    Spells: 6/6 levels left

rFire   . . .      SeeInvis .   Y - +0 hand axe
rCold   . . .      Faith    .   (no shield)
rNeg    . . .      Spirit   .   b - +0 leather armour
rPois   .          Reflect  .   (helmet restricted)
rElec   .          Harm     .   (no cloak)
rCorr   .          Rampage  .   i - +0 pair of gloves
Will    .....                   (boots unavailable)
Stlth   +.........              (no amulet)
HPRegen 0.07/turn               (no ring)
MPRegen 0.10/turn               (no ring)

@: no status effects
A: beak, talons 3
a: no special abilities


You were on level 2 of the Dungeon.
You visited 1 branch of the dungeon, and saw 2 of its levels.

You collected 53 gold pieces.


Innate Abilities, Weirdness & Mutations

You have a beak for a mouth.
You have claws for feet.


   Skills:
 - Level 2.0 Fighting
 + Level 4.2 Axes
 - Level 1.0 Throwing
 - Level 1.1 Armour
 - Level 2.1 Dodging
 - Level 2.0 Spellcasting
 - Level 2.4 Translocations


You had 6 spell levels left.
You didn't know any spells.
Your spell library contained the following spells:

 Spells                   Type           Power      Damage    Failure   Level
 Blink                    Tloc           14%        N/A       19%         2
 Gell's Gravitas          Tloc           7%         N/A       36%         3
 Lesser Beckoning         Tloc           7%         N/A       36%         3
 Teleport Other           Tloc           7%         N/A       36%         3
 Manifold Assault         Tloc           7%         N/A       98%         5

Inventory:

Hand Weapons
 a - a +0 whip
 Y - a +0 hand axe (weapon)
Armour
 b - a +0 leather armour (worn)
 f - a +0 ring mail
 i - a +0 pair of gloves (worn)
Jewellery
 d - a +4 ring of protection
Scrolls
 g - a scroll of enchant armour {unknown}
 j - 3 scrolls of identify
Potions
 c - a potion of curing {unknown}
 e - a potion of heal wounds
 k - a potion of haste

Dungeon Overview and Level Annotations

Branches:
Dungeon (2/15)

Altars:

Annotations:
D:2 Natasha


Message History

You see here a ball python corpse.
You see here a ball python corpse.
There is a stone staircase leading down here.
You see here a scroll of blinking.
A hobgoblin comes into view.
The hobgoblin moves out of view.
A hobgoblin comes into view.
Found a smoky white potion.
The hobgoblin shouts!
Enter note: Natasha, Servant of Life and Death comes into view.
1621 ||| Stepping ~*~*~tactically~*~*~ (stealth).
You slash the hobgoblin!
You kill the hobgoblin!
You see here a smoky white potion.
Natasha is nearby!
1627 ||| Stepping ~*~*~tactically~*~*~ (stealth).
1628 ||| Stepping ~*~*~tactically~*~*~ (stealth).
Natasha hisses angrily.
Natasha casts a spell at you. The magic dart hits you.
Natasha casts a spell.
You hit Natasha but do no damage. Your kick misses Natasha.
Natasha stares at you and mumbles some strange words.
The magic dart hits you!
You hit Natasha but do no damage. Natasha barely misses you.
You closely miss Natasha. You claw Natasha, but do no damage.
Your peck misses Natasha. Natasha misses you.
You hit Natasha. You claw Natasha.
Natasha is lightly wounded.
Natasha claws you.
You completely miss Natasha.
Natasha is lightly wounded.
Natasha closely misses you.
You hit Natasha. You peck Natasha.
Natasha is moderately wounded.
Natasha claws you!
You die...

###############
#.......!.....# .#
#.##.#...#.##.#
.#.####.##.#...#.#
.#.........#...#.#
.######.####...#@#
# #.......##...#h#
# #.............5.
###.......####.#.##
..........# #.#.#
###.......# # ..# #
#.......# .## #
#.......# .
#########


You could see Natasha and a white imp (summoned).

Vanquished Creatures
  An adder (D:2)
  2 ball pythons
  4 endoplasms
  3 giant cockroaches
  4 hobgoblins
  4 kobolds
  5 bats
  A frilled lizard (D:2)
  8 rats
32 creatures vanquished.

Notes
Turn   | Place    | Note
-------+----------+-------------------------------------------
     0 | D:1      | qw the Tengu Warper began the quest for the Orb.
     0 | D:1      | Reached XP level 1. HP: 12/12 MP: 4/4
     0 | D:1      | 0 ||| qw: Version: 0.1-a-89-g26bdef1
     0 | D:1      | 0 ||| qw: Game counter: 216
     0 | D:1      | 0 ||| qw: Always use a shield: true
     0 | D:1      | 0 ||| qw: God list: Okawaru
     0 | D:1      | 0 ||| qw: Allow faded altars: false
     0 | D:1      | 0 ||| qw: Do Orc after D:15 true
     0 | D:1      | 0 ||| qw: Do second Lair branch before Depths: true
     0 | D:1      | 0 ||| qw: Lair rune preference: random
     0 | D:1      | 0 ||| qw: Plans: Normal
     0 | D:1      | 0 ||| PLANNING D:1-11
    16 | D:1      | 16 ||| Stepping ~*~*~tactically~*~*~ (stealth).
    17 | D:1      | 17 ||| Stepping ~*~*~tactically~*~*~ (stealth).
   297 | D:1      | Reached skill level 3 in Axes
   297 | D:1      | Reached XP level 2. HP: 17/17 MP: 6/6
   307 | D:1      | Found a faded altar of an unknown god.
   993 | D:1      | 993 ||| UPGRADING to +0 pair of gloves.
   998 | D:1      | 998 ||| DROPPING amulet of magic regeneration.
   999 | D:1      | 999 ||| READING 2 scrolls labelled KITAPOKH NYVUH.
  1000 | D:1      | 1000 ||| READING scroll labelled REXOBA SUFASCH.
  1003 | D:1      | 1003 ||| READING 4 scrolls labelled XUOMULU OSO.
  1004 | D:1      | 1004 ||| READING scroll labelled MIXTEKK BIJUI.
  1132 | D:1      | 1132 ||| READING 3 scrolls of identify.
  1132 | D:1      | 1132 ||| IDENTIFYING sapphire potion
  1133 | D:1      | 1133 ||| READING 2 scrolls of identify.
  1133 | D:1      | 1133 ||| IDENTIFYING orange potion
  1134 | D:1      | 1134 ||| DROPPING scroll of amnesia.
  1135 | D:1      | 1135 ||| DROPPING scroll of blinking.
  1196 | D:2      | 1196 ||| DROPPING +0 club.
  1250 | D:2      | Reached XP level 3. HP: 21/21 MP: 7/7
  1297 | D:2      | Reached skill level 4 in Axes
  1620 | D:2      | Noticed Natasha
  1621 | D:2      | 1621 ||| Stepping ~*~*~tactically~*~*~ (stealth).
  1627 | D:2      | 1627 ||| Stepping ~*~*~tactically~*~*~ (stealth).
  1628 | D:2      | 1628 ||| Stepping ~*~*~tactically~*~*~ (stealth).
  1637 | D:2      | Slain by Natasha

Levels and vault maps discovered:
D:1:      saegor_arrival_simple_e, layout_basic,
          dreamdust_ecumenical_altar_hidden_monk_grotto
D:2:      layout_loops_cross, uniq_natasha

Skill      XL: |  1  2  3 |
---------------+----------+-----
Axes           | 3 4 |  4.2
Fighting       | |  2.0
Throwing       | |  1.0
Armour         | |  1.1
Dodging        | |  2.1
Spellcasting   | |  2.0
Translocations | |  2.4

Action                   || total
-------------------------++-------
Melee: Hand axe          ||    85
       Peck              ||    11
       Kick              ||    16
Throw: Boomerang         ||     7
  Use: Scroll            ||     6
Armor: Leather armour    ||    21
Dodge: Dodged            ||    47

Table legend:
 A = Non-vault XP
 B = Vault XP
 C = Vault XP percentage of total XP
 D = Non-vault monster count
 E = Vault monster count
 F = Vault count percentage of total count
                 A         B        C        D         E       F
            +---------+---------+-------+---------+---------+-------
      Total |      60 |       0 |   0.0 |      32 |       0 |   0.0
            +---------+---------+-------+---------+---------+-------
        D:1 |      31 |       0 |   0.0 |      20 |       0 |   0.0
        D:2 |      29 |       0 |   0.0 |      12 |       0 |   0.0
            +---------+---------+-------+---------+---------+-------
